 Dungeon Crawl Stone Soup version 0.29.1-15-g9cfb28693d (webtiles) character file.

Game seed: 3787014567151378644

53 hawla the Chiller (level 4, -2/33 HPs)
             Began as a Meteoran Ice Elementalist on Apr 4, 2023.
             Slain by a phantom (6 damage)
             ... on level 3 of the Dungeon.
             The game lasted 00:02:38 (316 turns).

hawla the Chiller (Meteoran Ice Elementalist)        Turns: 316, Time: 00:02:39

Health: -2/33      AC:  2    Str:  7 (10) XL:     4   Next: 32%
Magic:  10/10      EV: 12    Int: 16 (18) God:
Gold:   65         SH:  0    Dex: 11 (14) Spells: 5/9 levels left

rFire   . . .      SeeInvis .   g - +0 whip
rCold   . . .      Faith    .   (no shield)
rNeg    . . .      Spirit   .   a - +0 robe
rPois   .          Reflect  .   (no helmet)
rElec   .          Harm     .   (no cloak)
rCorr   .          Rampage  .   (no gloves)
Will    .....                   (no boots)
Stlth   +.........              (no amulet)
HPRegen 0.11/turn               (no ring)
MPRegen 0.12/turn               (no ring)

@: glowing
A: sense surroundings 1, otherworldly, glowing, explore regen
a: no special abilities


You were on level 3 of the Dungeon.
You visited 1 branch of the dungeon, and saw 3 of its levels.

You collected 65 gold pieces.

Inventory:

Hand Weapons
 g - a +0 whip (weapon)
Armour
 a - a +0 robe (worn)
Scrolls
 f - a scroll of identify
Potions
 b - a potion of magic


   Skills:
 + Level 2.5 Dodging
 - Level 1.4 Stealth
 + Level 3.4 Spellcasting
 + Level 5.5 Ice Magic


You had 5 spell levels left.
You knew the following spells:

 Your Spells              Type           Power      Damage    Failure   Level
a - Freeze                Ice            80%        1d9       1%          1
b - Frozen Ramparts       Ice            40%        1d7       5%          3

Your spell library contained the following spells:

 Spells                   Type           Power      Damage    Failure   Level
 Ozocubu's Armour         Ice            20%        N/A       5%          3
 Hailstorm                Conj/Ice       11%        3d5       50%         4
 Passage of Golubria      Tloc           2%         N/A       87%         4
 Silence                  Hex/Air        1%         N/A       99%         5
 Lehudib's Crystal Spear  Conj/Erth      1%         10d2      100%        8


Dungeon Overview and Level Annotations

Branches:
Dungeon (3/15) Zot: 1481

Altars:


Innate Abilities, Weirdness & Mutations

You passively map a small area around you.
You are easily found by Zot.
You glow in the dark.
You regain HP and MP as you explore.


Message History

The phantom misses you. The bat hits you but does no damage.
You hit the phantom.
The phantom is severely damaged.
The bat hits you. The phantom hits you.
The phantom blinks!
You blink.
You miss the phantom.
The phantom is severely damaged.
The bat hits you but does no damage. x2; The phantom hits you.
The phantom blinks!
You blink.
The orc hits you with a +0 flail.
* * * LOW HITPOINT WARNING * * *
Okay, then.
It was a potion of curing.
You feel better. The bat hits you but does no damage. The phantom misses you.
The orc hits you with a +0 flail.
* * * LOW HITPOINT WARNING * * *
It was a potion of degeneration.
There was something very wrong with that liquid.
You feel weakened.
You feel dopey.
You feel clumsy. The bat hits you but does no damage.
The orc hits you with a +0 flail.
* * * LOW HITPOINT WARNING * * *
The phantom barely misses you.
Unknown command.
You feel better. The bat hits you. The phantom closely misses you.
The orc closely misses you. The phantom attacks as you move away!
The phantom hits you.
* * * LOW HITPOINT WARNING * * *
The orc attacks as you move away! The orc closely misses you.
The bat barely misses you. The bat misses you.
Unknown command.
You closely miss the phantom.
The phantom is severely damaged.
The bat misses you. The phantom closely misses you. The orc misses you.
You miss the phantom.
The phantom is severely damaged.
The bat hits you but does no damage. The phantom hits you.
* * * LOW HITPOINT WARNING * * *
The phantom blinks!
You blink.
You closely miss the phantom.
The phantom is heavily damaged.
The phantom hits you.
You die...

, ,..... *#............#
, ,.....,*#####'########
, ,, ##.# * ****** #..#
#######'######## *
##..............#
####...............#
#####....†...........?.#
........#.......@......#
.####...#......W.......#
#####.............(# ,*
#..............# ,, *
#....b.........# ,
#..$...o.......# ,*
#.....§........# ,
#......§.......# *
#..............#


You could see a phantom, an orc and a bat.

Vanquished Creatures
  An orc wizard (D:3)
  An adder (D:2)
  5 orcs
  A ball python (D:2)
  A giant cockroach (D:3)
  2 goblins
  2 kobolds (D:2)
  A quokka (D:2)
  2 rats (D:2)
16 creatures vanquished.

Notes
Turn   | Place    | Note
-------+----------+-------------------------------------------
     0 | D:1      | hawla the Meteoran Ice Elementalist began the quest for the
                  | Orb.
     0 | D:1      | Reached XP level 1. HP: 14/14 MP: 5/5
    14 | D:2      | Reached XP level 2. HP: 20/20 MP: 3/6
   136 | D:2      | Reached skill level 5 in Ice Magic
   137 | D:2      | Reached XP level 3. HP: 22/26 MP: 1/8
   141 | D:2      | Learned a level 3 spell: Frozen Ramparts
   224 | D:3      | Reached XP level 4. HP: 33/33 MP: 6/10
   252 | D:3      | Noticed a phantom
   316 | D:3      | Slain by a phantom

Illustrated notes

Levels and vault maps discovered:
D:1:      minmay_arrival_open_corners, layout_basic,
          dreamdust_ecumenical_altar_statues
D:2:      layout_basic, basic_altar
D:3:      layout_basic

Skill      XL: |  1  2  3 |
---------------+----------+-----
Ice Magic      | 5 |  5.5
Spellcasting   | 3 |  3.4
Dodging        | |  2.5
Stealth        | |  1.4

Action                   |  1- 3 |  4- 6 || total
-------------------------+-------+-------++-------
Melee: Unarmed           |     9 |       ||     9
       Whip              |       |    24 ||    24
 Cast: Freeze            |    11 |    10 ||    21
       Frozen Ramparts   |     2 |     2 ||     4
  Use: Scroll            |     1 |       ||     1
       Potion            |       |     4 ||     4
Armor: Robe              |     6 |    11 ||    17
Dodge: Dodged            |     7 |    32 ||    39
